 Dungeon Crawl Stone Soup version 0.23.2 (webtiles) character file.

Game seed: 5755324440600269872

193 PentaManta the Poker (level 5, -3/43 HPs)
             Began as a Merfolk Chaos Knight on Apr 3, 2019.
             Was a Plaything of Xom.
             Killed by the air
             ... invoked by a wind drake (shapeshifter)
              (14 damage)
             ... on level 3 of the Dungeon.
             The game lasted 00:07:26 (2662 turns).

PentaManta the Poker (Merfolk Chaos Knight)         Turns: 2662, Time: 00:07:27

Health: -3/43      AC:  7    Str: 11 (13) XL:     5   Next: 72%
Magic:  5/5        EV: 13    Int: 11 (12) God:    Xom [.....*]
Gold:   137        SH:  0    Dex: 11 (13) Spells: 4/4 levels left

rFire    . . .     SeeInvis +   a - +1 spear (chaos)
rCold    . . .     Gourm    .   (no shield)
rNeg     . . .     Faith    .   q - +0 leather armour (curse)
rPois    .         Spirit   .   (no helmet)
rElec    .         Reflect  .   (no cloak)
rCorr    .         Harm     .   e - +0 pair of gloves
MR       .....                  (no boots)
Stlth    +.........             (no amulet)
HPRegen  0.14/turn              f - ring of see invisible
MPRegen  0.09/turn              g - +3 ring of protection

@: cleaving
A: change form in water, swift swim, stealthy swim
a: Renounce Religion


You were on level 3 of the Dungeon.
You worshipped Xom.
You were Xom's teddy bear.
You were hungry.

You visited 1 branch of the dungeon, and saw 3 of its levels.

You collected 137 gold pieces.

Inventory:

Hand Weapons
 a - a +1 spear of chaos (weapon)
Armour
 b - a +2 leather armour
 e - a +0 pair of gloves (worn)
 q - a cursed +0 leather armour (worn)
Jewellery
 f - a ring of see invisible (left hand)
 g - a +3 ring of protection (right hand)
Scrolls
 d - 3 scrolls of teleportation {unknown}
 j - a scroll of enchant weapon
 m - 2 scrolls of remove curse
 n - 2 scrolls of noise {unknown}
 o - a scroll of identify
 r - 2 scrolls of immolation {unknown}
 s - 2 scrolls of amnesia {unknown}
Potions
 h - a potion of lignification
 p - a potion of curing
Comestibles
 c - 6 rations


   Skills:
 + Level 4.3 Fighting
 * Level 7.1 Polearms
 - Level 0.6 Armour
 + Level 4.4 Dodging


You had 4 spell levels left.
You didn't know any spells.
Your spell library contained the following spells:

 Spells                   Type           Power        Failure   Level  Hunger
 Magic Dart               Conj           #...         43%         1    ##.....
 Blink                    Tloc           N/A          56%         2    ###....
 Call Imp                 Summ           #.......     56%         2    ###....
 Slow                     Hex            #.......     56%         2    ###....
 Conjure Flame            Conj/Fire      #.......     80%         3    ####...
 Mephitic Cloud           Conj/Pois/Air  #.......     80%         3    ####...


Dungeon Overview and Level Annotations

Branches:
Dungeon (3/15)

Altars:
Cheibriados
Fedhas
Okawaru

Annotations:
D:3 exclusion: shapeshifter


Message History

You closely miss the wind drake.
The wind drake is lightly wounded.
The wind drake exhales a fierce blast of wind!
You are blown backwards!
You closely miss the wind drake.
The wind drake is moderately wounded.
The wind drake exhales a fierce blast of wind!
You are blown backwards!
The wind drake flaps its wings at you. The air twists around and strikes you!
* * * LOW HITPOINT WARNING * * *
You are too injured to fight recklessly!
You are too injured to fight recklessly!
You are too injured to fight recklessly!
It was a potion of curing.
You feel better.
Xom roars with laughter!
The wind drake flaps its wings at you. The air twists around and strikes you!
You die...
Xom titters!

.# #..#
##.#.....###.######. .#
##.# ####....###.###.#
## .# #.###.......#
#.....# .###
#.##........###(#####
...# #.##._..#.#.....#
...####.##...##.###.#.#
_...............###.#.#
..################....#
.## #.@...#.# .#
#k##.#..# .# #.###.#.#
.# #.# ###.#### .# #.#
#..>.# ### #.# ####.#
..######## #.# #.#
#........# #.# #.#
..######.# #.# #.#


You could see a wind drake shaped shifter.

Vanquished Creatures
  Jessica (D:2)
  3 gnolls
  3 adders (D:3)
  3 oozes
  3 worms
  4 dart slugs
  A leopard gecko (D:1)
  4 orcs (D:3)
  10 bats
  7 giant cockroaches
  10 goblins
  8 hobgoblins
  2 jackals (D:2)
  3 quokkas
  A ball python (D:1)
  5 frilled lizards
  5 kobolds
  9 rats
82 creatures vanquished.

Notes
Turn   | Place    | Note
-------+----------+-------------------------------------------
     0 | D:1      | PentaManta the Merfolk Chaos Knight began the quest for the
                  | Orb.
     0 | D:1      | Reached XP level 1. HP: 18/18 MP: 1/1
    59 | D:1      | Reached XP level 2. HP: 24/24 MP: 2/2
   173 | D:1      | Reached skill level 5 in Polearms
   273 | D:1      | Reached XP level 3. HP: 29/29 MP: 3/3
   684 | D:1      | Reached XP level 4. HP: 29/37 MP: 4/4
   788 | D:1      | Reached skill level 6 in Polearms
   790 | D:2      | XOM: swap monsters
   814 | D:1      | XOM: harmless Air miscast
   929 | D:1      | XOM: harmless Ice miscast
  1037 | D:2      | Noticed Jessica
  1043 | D:2      | Killed Jessica
  1043 | D:2      | Reached XP level 5. HP: 33/42 MP: 5/5
  1197 | D:2      | XOM: harmless Summ miscast
  1294 | D:2      | XOM: god gift: leather armour {god gift}
  1362 | D:2      | Found an iron altar of Okawaru.
  1820 | D:3      | Reached skill level 7 in Polearms
  1931 | D:3      | Found a snail-covered altar of Cheibriados.
  2022 | D:3      | Found a blossoming altar of Fedhas.
  2244 | D:3      | XOM: snakes to sticks
  2255 | D:3      | Noticed a shapeshifter
  2255 | D:3      | a giant cockroach changed into a shapeshifter
  2255 | D:3      | XOM: polymorph giant cockroach -> shapeshifter
  2629 | D:3      | Noticed a wind drake
  2632 | D:3      | XOM: cleaving
  2639 | D:3      | Noticed a lindwurm
  2639 | D:3      | a wind drake changed into a lindwurm
  2648 | D:3      | Noticed a wind drake
  2648 | D:3      | a lindwurm changed into a wind drake
  2662 | D:3      | Killed from afar by a wind drake (shapeshifter)

Skill      XL: |  1  2  3  4  5 |
---------------+----------------+-----
Dodging        | 3 4 |  4.4
Polearms       | 5 6 7 |  7.1
Fighting       | 4 |  4.3
Armour         | |  0.6

Action                   |  1- 3 |  4- 6 || total
-------------------------+-------+-------++-------
Melee: Spear             |   133 |   179 ||   312
  Use: Potion            |       |     4 ||     4
       Scroll            |       |     3 ||     3
 Stab: Confused          |     2 |     3 ||     5
       Sleeping          |     1 |     3 ||     4
  Eat: Chunk             |       |     5 ||     5
Armor: Leather armour    |    17 |    22 ||    39
Dodge: Dodged            |    49 |    61 ||   110
